 Dungeon Crawl Stone Soup version 0.28-a0-1159-g27aa881441 (webtiles) character file.

Game seed: 11153669057728980911

857 kae the Skirmisher (level 8, -8/71 HPs)
             Began as a Hill Orc Fighter on Dec 15, 2021.
             Mangled by a shadow (27 damage)
             ... on level 6 of the Dungeon.
             The game lasted 00:03:34 (6120 turns).

kae the Skirmisher (Hill Orc Fighter)               Turns: 6120, Time: 00:03:35

Health: -8/71      AC:  7    Str: 21    XL:     8   Next: 2%
Magic:  0/8        EV:  9    Int:  8    God:
Gold:   211        SH:  6    Dex: 16    Spells: 7/7 levels left

rFire   . . .      SeeInvis .   a - +0 war axe
rCold   . . .      Faith    .   c - +0 buckler
rNeg    + . .      Spirit   +   b - +0 scale mail
rPois   .          Reflect  .   (no helmet)
rElec   .          Harm     .   (no cloak)
rCorr   .          Rampage  .   (no gloves)
Will    .....                   (no boots)
Stlth   ..........              i - amulet of guardian spirit
HPRegen 0.21/turn               g - +6 ring of dexterity
MPRegen 0.11/turn               l - ring of positive energy

@: no status effects
A: no striking features
a: no special abilities


You were on level 6 of the Dungeon.
You visited 1 branch of the dungeon, and saw 6 of its levels.

You collected 211 gold pieces.

Inventory:

Hand Weapons
 a - a +0 war axe (weapon)
Missiles
 j - a throwing net (quivered)
Armour
 b - a +0 scale mail (worn)
 c - a +0 buckler (worn)
Jewellery
 e - an amulet of faith
 g - a +6 ring of dexterity (left hand)
 i - an amulet of guardian spirit (around neck)
 l - a ring of positive energy (right hand)
Scrolls
 f - 2 scrolls of identify
Potions
 d - 2 potions of might
 k - a potion of brilliance
 n - a potion of degeneration
 o - a potion of resistance


   Skills:
 + Level 6.3 Fighting
 + Level 6.2 Axes
 + Level 5.8 Armour
 + Level 5.8 Shields


You had 7 spell levels left.
You didn't know any spells.
Your spell library contained the following spells:

 Spells                   Type           Power      Damage    Failure   Level
 Inner Flame              Hex/Fire       0%         N/A       97%         3
 Cause Fear               Hex            0%         N/A       100%        4
 Discord                  Hex            0%         N/A       100%        8


Dungeon Overview and Level Annotations

Branches:
Dungeon (6/15)
 Temple: D:4-7

Altars:
Ashenzari
Elyvilon
Yredelemnul

Annotations:
D:3 1 runed translucent door, Crazy Yiuf


Message History

No target in view!
No target in view!
The shadow strikes at you from the darkness!
The shadow strikes at you from the darkness!
Reactivating autopickup.
You hit the shadow but do no damage.
The shadow slips into darkness.
The shadow flickers and vanishes!
Deactivating autopickup; reactivate with Ctrl-A.
You miss something.
The shadow strikes at you from the darkness!
Reactivating autopickup.
You hit the shadow.
The shadow is lightly damaged.
The shadow slips into darkness.
The shadow flickers and vanishes!
Deactivating autopickup; reactivate with Ctrl-A.
You hit something but do no damage.
The shadow strikes at you from the darkness!
* * * LOW HITPOINT WARNING * * *
Reactivating autopickup.
You closely miss the shadow.
The shadow is lightly damaged.
You block the shadow's attack.
You hit the shadow.
The shadow is heavily damaged.
The shadow hits you.
* * * LOW HITPOINT WARNING * * *
The shadow hits you!
* * * LOW HITPOINT WARNING * * *
You feel much better. The shadow hits you.
Okay, then.
The shadow hits you!
* * * LOW HITPOINT WARNING * * *
The shadow slips into darkness.
The shadow flickers and vanishes!
Deactivating autopickup; reactivate with Ctrl-A.
There is a stone staircase leading up here.
The shadow strikes at you from the darkness!
You die...

#...#######
#..........
#..#######.
#..#
#..####
###..##.#
#.......#
#.#..##{#
#.#..##@#
#.#.....#
#.#..####
#.##....#
#.......#
#########


There were no monsters in sight!

Vanquished Creatures
  An ogre (D:5)
  A centaur (D:5)
  A phantom (D:5)
  Blork the orc (D:4)
  A bullfrog (D:5)
  2 hounds
  A bullfrog skeleton (D:4)
  3 iguanas
  2 orc wizards
  A killer bee zombie (D:5)
  5 adders
  8 gnolls
  2 adder skeletons (D:4)
  3 worms
  3 dart slugs
  9 orcs
  5 ball pythons
  6 endoplasms
  4 giant cockroaches
  9 goblins
  6 hobgoblins
  3 jackals
  8 quokkas
  4 bats
  5 frilled lizards
  10 kobolds
  7 rats
  A spectral orc (D:4)
112 creatures vanquished.

Vanquished Creatures (others)
  An orc wizard (D:5)
1 creature vanquished.

Grand Total: 113 creatures vanquished

Notes
Turn   | Place    | Note
-------+----------+-------------------------------------------
     0 | D:1      | kae the Hill Orc Fighter began the quest for the Orb.
     0 | D:1      | Reached XP level 1. HP: 19/19 MP: 1/1
   207 | D:1      | Reached XP level 2. HP: 20/27 MP: 2/2
   774 | D:1      | Reached XP level 3. HP: 33/33 MP: 3/3
   825 | D:1      | Found a faded altar of an unknown god.
  1446 | D:2      | Reached XP level 4. HP: 8/40 MP: 0/4
  2048 | D:2      | Reached XP level 5. HP: 25/47 MP: 3/5
  3380 | D:3      | Found a runed translucent door.
  3381 | D:3      | Noticed Crazy Yiuf
  3979 | D:4      | Reached skill level 5 in Fighting
  3979 | D:4      | Reached XP level 6. HP: 54/56 MP: 6/6
  4046 | D:4      | Found a broken altar of Ashenzari.
  4211 | D:4      | Found a basalt altar of Yredelemnul.
  4329 | D:4      | Noticed Blork the orc
  4344 | D:4      | Killed Blork the orc
  4662 | D:4      | Reached skill level 5 in Axes
  4846 | D:4      | Reached skill level 5 in Armour
  4980 | D:5      | Entered Level 5 of the Dungeon
  4980 | D:5      | Found a white marble altar of Elyvilon.
  5043 | D:5      | Reached skill level 5 in Shields
  5063 | D:5      | Reached XP level 7. HP: 36/61 MP: 2/7
  5912 | D:5      | Reached XP level 8. HP: 71/71 MP: 8/8
  6097 | D:6      | Noticed a shadow
  6108 | D:6      | HP: 2/71 [shadow (8)]
  6120 | D:6      | Mangled by a shadow

Illustrated notes

Levels and vault maps discovered:
D:1:      elethiomel_arrival_infinity_welcomes_careful_drivers, layout_basic,
          shapermc_ecumenical_altar_venn, minmay_box_of_dots
D:2:      layout_loops_corners, kennysheep_generic_room_12
D:3:      layout_loops_ring, uniq_crazy_yiuf_cottage
D:4:      minmay_skewed_foursquare, layout_basic,
          yredelemnul_forgotten_temple_becter, nicolae_ashenzari_panopticon,
          roderic_lattice_a, uniq_blork_the_orc
D:5:      layout_cave_pools, general_overflow_altar, minmay_misc_feat_hallway,
          minmay_stone_trees_small
D:6:      layout_basic, gup_sewer_entry_spiral, minmay_unpleasant_kobolds

Skill      XL: |  1  2  3  4  5  6  7 |
---------------+----------------------+-----
Axes           | 3 4 5 6 |  6.2
Fighting       | 4 5 6 |  6.3
Armour         | 4 5 |  5.8
Shields        | 4 5 |  5.8

Action                   |  1- 3 |  4- 6 |  7- 9 || total
-------------------------+-------+-------+-------++-------
Melee: War axe           |   107 |   194 |    66 ||   367
  Use: Scroll            |     4 |     5 |       ||     9
       Potion            |       |     4 |     1 ||     5
Armor: Scale mail        |    57 |    88 |    20 ||   165
Dodge: Dodged            |    56 |    83 |    35 ||   174
Block: Buckler           |    38 |    44 |    30 ||   112

Table legend: (Time is in decaauts)
 A = Elapsed time spent in this place.
 B = Non-inter-level travel time spent in this place.
 C = Inter-level travel time spent in this place.
 D = Time resting spent in this place.
 E = Time spent auto-exploring this place.
 F = Levels seen in this place.
 G = Mean time per level.
                   A        B        C        D        E       F      G
               +--------+--------+--------+--------+--------+-----+--------+
         Total |   6227 |   6067 |    160 |    454 |   4700 |   6 | 1037.8 |
       Dungeon |   6227 |   6067 |    160 |    454 |   4700 |   6 | 1037.8 |
               +--------+--------+--------+--------+--------+-----+--------+

Top non-repeatable levels by time:
     D:4: 1458 daAuts
     D:1: 1447 daAuts
     D:2: 1313 daAuts
     D:5: 1117 daAuts
     D:3: 851 daAuts
     D:6: 39 daAuts
